AoeStats
← Kachuin

Nomad

507141455Analyzed
4v4 RM · 15d ago on Sep 16, 2026· 48m 25s· 8 players
Game mode
Random Map
Map size
231×231
Population
200
Speed
Normal
Resources
Standard
Victory
Conquest
Starting age
Dark Age
Ending age
Imperial Age
RankedLock teamsTeams togetherTeam positionsShared explorationLock speedFull tech treeHidden civsTurbo modeCheats
Victory
Defeat
🇰🇿 Saracens · Kazakhstan
809
+16
🇪🇸 Spanish · Spain
789
+17
🇨🇴 Armenians · Colombia
763
+18
🇬🇧 Cumans · United Kingdom
755
+17
🇫🇷 Franks · France
820
-18
🇹🇷 Turks · Türkiye
802
-17
🇬🇧 Portuguese · United Kingdom
789
-17
🇬🇧 Khmer · United Kingdom
788
-16
Tsubodai
5:43 Loom
15:39 Feudal Age
23:26 Castle Age
24:08 Horse Collar
32:21 Forging
32:16 Scale Barding Armor
34:21 Chain Barding Armor
40:39 Iron Casting
HORIZONUF
13:57 Feudal Age
14:28 Double-Bit Axe
22:43 Castle Age
23:43 Scale Barding Armor
23:28 Fishing Lines
24:13 Gold Mining
24:42 Bow Saw
24:44 Husbandry
25:21 Town Watch
27:58 Wheelbarrow
32:49 Stone Mining
33:18 Hand Cart
34:49 Town Patrol
37:13 Pikeman
39:14 Elite Skirmisher
40:31 Fletching
40:42 Padded Archer Armor
41:52 Forging
44:00 Gillnets
Kachuin
18:02 Feudal Age
21:24 Wheelbarrow
25:01 Castle Age
24:02 Padded Archer Armor
24:33 Fletching
25:04 Gold Mining
26:07 Crossbowman
29:17 Hand Cart
31:22 Fishing Lines
36:13 Leather Archer Armor
36:18 Bodkin Arrow
36:42 Bloodlines
pumperbars
16:04 Feudal Age
14:42 Loom
16:51 Double-Bit Axe
18:54 Wheelbarrow
24:26 Castle Age
22:41 Stone Mining
28:05 Loom
29:49 Bloodlines
30:06 Bow Saw
32:18 Scale Barding Armor
32:14 Scale Mail Armor
32:25 Forging
37:06 Crossbowman
45:07 Imperial Age
43:56 Crossbowman
44:44 Padded Archer Armor
44:35 Fletching
SGTSanju
16:15 Feudal Age
17:10 Double-Bit Axe
18:27 Fishing Lines
21:55 Castle Age
21:55 Gold Mining
23:10 Stone Mining
23:44 Bow Saw
24:19 Wheelbarrow
26:20 Gillnets
27:35 Padded Archer Armor
27:26 Fletching
31:14 Stone Shaft Mining
32:24 Caravan
33:21 Bloodlines
35:23 Scale Barding Armor
35:28 Forging
35:58 Husbandry
38:34 Chain Barding Armor
38:50 Iron Casting
43:44 Imperial Age
43:50 Cavalier
46:48 Plate Barding Armor
47:16 Blast Furnace
46:10 Paladin
sam.pidgeon
5:27 Loom
15:02 Feudal Age
16:10 Double-Bit Axe
21:38 Scale Mail Armor
23:15 Forging
23:11 Scale Barding Armor
22:56 Town Watch
25:15 Bloodlines
27:41 Castle Age
29:16 Light Cavalry
30:08 Fletching
30:19 Padded Archer Armor
37:00 Capped Ram
48:30 Imperial Age
46:24 Ballistics
47:48 Wheelbarrow
ageofscarlet
5:15 Loom
16:27 Feudal Age
19:49 Double-Bit Axe
19:58 Stone Mining
19:57 Fishing Lines
22:35 Castle Age
20:37 Fletching
21:38 Horse Collar
22:37 Gold Mining
24:04 Wheelbarrow
23:43 Gillnets
25:08 Forging
25:45 Scale Barding Armor
31:46 Heavy Plow
33:17 Bimaristan
34:24 Iron Casting
40:07 Imperial Age
39:30 Fervor
39:49 Chain Barding Armor
40:15 Bow Saw
41:27 Conscription
41:47 Hand Cart
41:20 Town Watch
42:28 Elite Mameluke
44:13 Padded Archer Armor
46:30 Hoardings
48:16 Thumb Ring
48:52 Plate Barding Armor
Jusep Pedrerol
6:20 Loom
17:44 Feudal Age
18:12 Double-Bit Axe
18:20 Gold Mining
17:53 Man-at-Arms
19:50 Wheelbarrow
19:24 Fishing Lines
19:39 Town Watch
19:44 Arson
20:20 Horse Collar
21:01 Long Swordsman
21:43 Stone Mining
22:53 Forging
23:43 Scale Mail Armor
29:33 Castle Age
29:43 Two-Handed Swordsman
30:11 Gambesons
31:04 Iron Casting
30:45 Chain Mail Armor
30:36 Heavy Plow
30:49 Bow Saw
32:15 Hand Cart
31:24 Champion
32:07 Squires
32:03 Gillnets
33:34 Fletching
33:16 Pikeman
38:16 Imperial Age
35:45 Bodkin Arrow
36:14 Ballistics
36:12 Murder Holes
39:27 Gold Shaft Mining
39:12 Masonry
39:11 Capped Ram
40:00 Fereters
40:17 Conscription
41:30 Chemistry
42:38 Blast Furnace
42:10 Plate Mail Armor
42:55 Town Patrol
43:00 Bracer
43:35 Siege Ram
48:12 Halberdier
Connection lost

Rejoining the realm…

Still unreachable

The connection could not be restored.

Session expired

The server has moved on; the page needs a fresh start.